 Dungeon Crawl Stone Soup version 0.30-a0-782-ge64f9170bb (console) character file.

Game seed: 2960887512502446304

34349 Banquo the Thaumaturge (level 14, 0/99 HPs)
             Began as a Djinni Air Elementalist on Feb 20, 2023.
             Was a High Priest of Nemelex Xobeh.
             Slain by a seven-headed hydra (8 damage)
             ... on level 5 of the Lair of Beasts on Feb 21, 2023.
             The game lasted 01:11:30 (17307 turns).

Banquo the Thaumaturge (Djinni Air Elementalist)   Turns: 17307, Time: 01:11:30

Health: 0/99       AC:  5    Str:  7    XL:     14   Next: 12%
Gold:   1175       EV: 19    Int: 21    God:    Nemelex Xobeh [*****.] SH: 12 Dex: 15

rFire   + + .      SeeInvis .    b - staff of air
rCold   . . .      Faith    .    i - +1 kite shield
rNeg    . . .      Spirit   .    d - +0 robe {Will+}
rPois   ∞          Reflect  .    h - +0 helmet
rElec   +          Harm     .    e - +0 cloak
rCorr   .          Rampage  .    (no gloves)
Will    ++...                    (boots unavailable)
Stlth   ++                       H - amulet of the acrobat
HPRegen 0.36/turn                f - +5 ring of evasion
MPRegen 0.00/turn                C - ring of protection from cold

@: flying
A: sickness immunity, fire resistance 2, cold vulnerability 1, float, innate
caster, HP casting, extra vitality 1
a: Renounce Religion, Draw Escape, Draw Destruction, Draw Summoning, Draw Stack,
Triple Draw, Deal Four, Stack Five


You were on level 5 of the Lair of Beasts.
You worshipped Nemelex Xobeh.
Nemelex Xobeh was extremely pleased with you.
You visited 3 branches of the dungeon, and saw 16 of its levels.
You also visited: Bailey.

You collected 1191 gold pieces.
You spent 16 gold pieces at shops.

Inventory:

Hand Weapons
 a - a +3 short sword of flaming
 l - a +4 scimitar of flaming
 s - a +2 long sword of freezing
 x - a +1 long sword of electrocution
Missiles
 y - 7 throwing nets
Armour
 d - a +0 robe of willpower (worn)
 e - a +0 cloak (worn)
 h - a +0 helmet (worn)
 i - a +1 kite shield (worn)
 j - +0 acid dragon scales
Magical Staves
 b - a staff of air (weapon)
 c - a staff of cold
Jewellery
 f - a +5 ring of evasion (left hand)
 A - a ring of positive energy
 C - a ring of protection from cold (right hand)
 H - an amulet of the acrobat (around neck)
Wands
 D - a wand of digging (3)
 N - a wand of mindburst (7)
 R - a wand of roots (18)
Scrolls
 m - 2 scrolls of magic mapping
 r - a scroll of identify
 B - 2 scrolls of fog
 E - 8 scrolls of teleportation
 G - 2 scrolls of blinking
 P - 6 scrolls of poison
 Q - 3 scrolls of fear
Potions
 g - 4 potions of brilliance
 k - 2 potions of might
 o - a potion of cancellation
 p - 3 potions of haste
 q - 6 potions of curing
 z - 3 potions of heal wounds
 I - 4 potions of ambrosia
 J - a potion of invisibility
 L - a potion of resistance
 M - a potion of berserk rage
Miscellaneous
 t - a condenser vane
 F - a box of beasts


   Skills:
 * Level 8.5 Fighting
 * Level 6.2 Armour
 * Level 7.0 Dodging
 - Level 1.5 Stealth
 - Level 8.0 Shields
 + Level 12.9 Spellcasting
 * Level 8.2 Invocations


You had 9 spell levels left.
You knew the following spells:

 Your Spells              Type           Power      Damage    Failure   Level
a - Shock                 Conj/Air       100%       1d9       1%          1
b - Airstrike             Air            40%        2d(6-22)  1%          4
c - Freezing Cloud        Conj/Ice/Air   40%        6-21      1%          5
d - Static Discharge      Conj/Air       100%       2-7/arc   1%          2
f - Summon Forest         Summ/Tloc      30%        N/A       1%          5
i - Ignite Poison         Fire/Tmut/Pois 61%        N/A       1%          3
m - Summon Small Mammal   Summ           100%       N/A       1%          1
p - Poisonous Vapours     Pois/Air       100%       N/A       1%          2
t - Tukima's Dance        Hex            61%        N/A       1%          3
M - Swiftness             Air            80%        N/A       1%          3
Your spell library was empty.

Dungeon Overview and Level Annotations

Branches:
Dungeon (10/15)            Temple (1/1) D:4            Lair (5/5) D:10
  Swamp (0/4) Lair:3        Snake (0/4) Lair:2        Slime (0/5) Lair:5
    Orc (0/2) D:10         Bailey (visited)

Altars:
Ashenzari
Cheibriados
Dithmenos
Elyvilon
Fedhas
Gozag
Hepliaklqana
Makhleb
Nemelex Xobeh
Okawaru
Qazlal
Ru
Trog
Uskayaw
Wu Jian
Xom
Yredelemnul
Zin
The Shining One
Jiyva

Shops:
D:2 (   D:3 !   D:8 ?

Annotations:
D:8 1 runed translucent door, flt's ghost, journeyman DgTm
Lair:1 3 runed translucent doors, Cung's ghost, novice GrBe; Puas's ghost, journeyman GrBe; Rielu's ghost, journeyman AtFi


Innate Abilities, Weirdness & Mutations

You are immune to sickness and miasma.
You are immune to poison.
Your flesh is very heat resistant. (rF++)
You are vulnerable to cold. (rC-)
You float through the air rather than walking.
You learn spells naturally, not from books.
Your magical power is your life essence.
You have superior vitality. (+4 MHP)


Message History

The water moccasin is almost dead.
The lightning grounds out.
The water moccasin bites you but does no damage.
You block the cane toad's attack.
The seven-headed hydra closely misses you.
You block the seven-headed hydra's attack.
The seven-headed hydra bites you but does no damage.
The seven-headed hydra bites you.
* * * LOW HITPOINT WARNING * * *
The seven-headed hydra bites you but does no damage.
The seven-headed hydra bites you!
* * * LOW HITPOINT WARNING * * *
The seven-headed hydra bites you!
* * * LOW HITPOINT WARNING * * *
The water moccasin barely misses you.
Press: ? - help, v - describe, . - travel
Here: a seven-headed hydra (almost dead)
The floor.
Unknown command.
Unknown command.
Unknown command.
Okay, then.
Unknown command.
You draw... (choose one card, ? for their descriptions)
a - the Tomb
b - the Cloud
c - the Cloud You draw... (choose one card, ? for their descriptions)
a - the Tomb
b - the Cloud
c - the Cloud You have drawn the Cloud.
Clouds appear around you! You block the cane toad's attack.
The water moccasin barely misses you.
You block the seven-headed hydra's attack.
The seven-headed hydra completely misses you.
You block the seven-headed hydra's attack.
The seven-headed hydra closely misses you.
The seven-headed hydra bites you!
You die...
Your body glows with a rainbow of weird colours and disappears.

# ## .# ##
.#.#.##
##.#§§.....
#.§@S§.....
#.....§DF§.....
......§§§§..##.
..#.........#
.P...PP....#.#
P...P....... ..
......P.#.... P
.............#


You could see a seven-headed hydra, a cane toad and a water moccasin.

Vanquished Creatures
  Erolcha (D:10)
  5 hydras
  Erica (Lair:1)
  A two-headed ogre (D:6)
  3 skysharks
  2 bog bodies (Lair:3)
  Pikel (D:9)
  An oklob plant (Lair:3)
  A black mamba (Lair:4)
  3 elephants (Lair:4)
  Maurice (D:10)
  A gargoyle (D:10)
  5 cane toads
  4 rime drakes
  11 komodo dragons
  Psyche (D:9)
  A queen bee (Lair:3)
  2 polar bears
  Prince Ribbit (D:7)
  14 blink frogs
  10 dream sheep
  A vampire (D:9)
  14 yaks
  4 basilisks
  5 wyverns
  Grum (Bailey)
  A steam dragon (D:7)
  4 vampire mosquitoes (D:10)
  Menkaure (D:4)
  An acid dragon (D:9)
  11 water moccasins
  6 orc warriors
  A black bear (D:8)
  2 ice beasts
  An ogre (D:6)
  15 wolves
  3 centaurs
  A phantom (D:5)
  2 kobold brigands
  6 bullfrogs
  9 gnoll sergeants
  A necrophage (D:6)
  12 wights
  29 killer bees
  3 howler monkeys
  A jelly (D:5)
  7 gnoll boudas
  6 orc priests
  13 hounds
  3 iguanas
  9 orc wizards
  A hell rat (Lair:3)
  2 adders
  22 gnolls
  A river rat (Lair:3)
  A shadow imp (D:8)
  A white imp (D:7)
  2 worms
  A dart slug (D:3)
  36 orcs
  5 bats
  8 endoplasms
  6 giant cockroaches
  10 goblins
  9 hobgoblins
  9 kobolds
  7 quokkas
  9 ball pythons
  3 frilled lizards
  6 rats
382 creatures vanquished.

Vanquished Creatures (collateral kills)
  A black mamba (Lair:1)
  A blink frog (Lair:3)
  A basilisk (Lair:1)
  An orc warrior (D:10)
  A wight (D:8)
  2 killer bees (Lair:3)
  An orc priest (D:10)
  2 orc wizards (D:10)
  7 orcs (D:10)
17 creatures vanquished.

Vanquished Creatures (others)
  2 dancing weapons
  30 fungi
  30 plants
62 creatures vanquished.

Grand Total: 461 creatures vanquished

Notes
Turn   | Place    | Note
-------+----------+-------------------------------------------
     0 | D:1      | Banquo the Djinni Air Elementalist began the quest for the
                  | Orb.
     0 | D:1      | Banquo set off with the following spells memorised: Shock,
                  | Static Discharge, Swiftness, Airstrike.
     0 | D:1      | Reached XP level 1. HP: 15/15 MP: 0/0
    89 | D:1      | Reached XP level 2. HP: 19/22 MP: 0/0
   368 | D:1      | Reached skill level 3 in Spellcasting
   383 | D:1      | Reached XP level 3. HP: 23/26 MP: 0/0
   383 | D:1      | Learned a level 1 spell: Summon Small Mammal
   396 | D:1      | Reached skill level 1 in Fighting
   906 | D:2      | Found Qagraukk's Antique Weapon Boutique.
  1147 | D:2      | Reached XP level 4. HP: 25/32 MP: 0/0
  1535 | D:3      | Found Ugorros's Distillery.
  1623 | D:3      | Found a sparkling altar of Nemelex Xobeh.
  1635 | D:3      | Became a worshipper of Nemelex Xobeh the Trickster
  2114 | D:3      | Reached XP level 5. HP: 37/37 MP: 0/0
  2114 | D:3      | Learned a level 2 spell: Poisonous Vapours
  2312 | D:4      | Found a staircase to the Ecumenical Temple.
  2339 | D:3      | Reached skill level 4 in Spellcasting
  2339 | D:3      | Reached skill level 1 in Invocations
  2392 | D:4      | Reached skill level 1 in Shields
  2392 | D:4      | Reached XP level 6. HP: 37/43 MP: 0/0
  2583 | D:4      | Reached * piety under Nemelex Xobeh
  2654 | D:4      | Noticed Menkaure
  2661 | D:4      | Killed Menkaure
  2982 | Temple   | Entered the Ecumenical Temple
  3187 | D:5      | Entered Level 5 of the Dungeon
  3198 | D:5      | Reached XP level 7. HP: 41/49 MP: 0/0
  3198 | D:5      | Learned a level 3 spell: Tukima's Dance
  3520 | D:5      | Reached skill level 5 in Spellcasting
  3629 | D:5      | Found a blossoming altar of Fedhas.
  3629 | D:5      | Found a faded altar of an unknown god.
  3635 | D:5      | Found a faded altar of an unknown god.
  3639 | D:5      | Found a shadowy altar of Dithmenos.
  3792 | D:5      | Reached XP level 8. HP: 53/56 MP: 0/0
  4255 | D:6      | Received a gift from Nemelex Xobeh
  4546 | D:6      | Found a bloodstained altar of Trog.
  4569 | D:6      | Reached skill level 6 in Spellcasting
  4684 | D:6      | Reached ** piety under Nemelex Xobeh
  4691 | D:6      | Noticed a two-headed ogre
  4705 | D:6      | Killed a two-headed ogre
  4706 | D:6      | Reached skill level 7 in Spellcasting
  4706 | D:6      | Reached XP level 9. HP: 26/62 MP: 0/0
  4706 | D:6      | Learned a level 3 spell: Ignite Poison
  5367 | D:6      | Found a burning altar of Makhleb.
  5399 | D:7      | Noticed Prince Ribbit
  5402 | D:7      | Killed Prince Ribbit
  5464 | D:7      | Found a flagged portal.
  5484 | Bailey   | Entered a bailey
  5922 | Bailey   | Reached skill level 8 in Spellcasting
  5942 | Bailey   | Reached XP level 10. HP: 44/69 MP: 0/0
  5977 | Bailey   | Reached skill level 5 in Fighting
  6231 | Bailey   | Noticed Grum
  6233 | Bailey   | Killed Grum
  6370 | Bailey   | Reached skill level 5 in Shields
  6678 | D:7      | Reached skill level 5 in Invocations
  6793 | D:7      | Reached skill level 9 in Spellcasting
  7000 | D:7      | Received a gift from Nemelex Xobeh
  8084 | D:8      | Reached skill level 1 in Armour
  8259 | D:8      | Found a runed translucent door.
  8260 | D:8      | Found a shimmering altar of Xom.
  8260 | D:8      | Noticed flt's ghost (journeyman DgTm)
  8260 | D:8      | Noticed a +0 war axe of chaos
  8501 | D:8      | Found Cyostred's Magic Scroll Shop.
  8511 | D:8      | Bought a scroll of noise for 16 gold pieces
  9212 | D:9      | Reached XP level 11. HP: 46/76 MP: 0/0
  9212 | D:9      | Learned a level 5 spell: Summon Forest
  9381 | D:9      | Received a gift from Nemelex Xobeh
  9388 | D:9      | Noticed an angel
  9604 | D:9      | Found a hide-covered altar of Uskayaw.
  9605 | D:9      | Found a basalt altar of Yredelemnul.
  9626 | D:9      | Found a glowing silver altar of Zin.
  9665 | D:9      | Noticed Pikel
  9667 | D:9      | Killed Pikel
  9828 | D:9      | Noticed Psyche
  9831 | D:9      | Killed Psyche
 10308 | D:10     | Entered Level 10 of the Dungeon
 10360 | D:10     | Reached skill level 10 in Spellcasting
 10552 | D:10     | Found a glowing golden altar of the Shining One.
 10574 | D:10     | Reached *** piety under Nemelex Xobeh
 10574 | D:10     | Noticed Maurice
 10626 | D:10     | Killed Maurice
 10864 | D:10     | Noticed Erolcha
 10876 | D:10     | Killed Erolcha
 10987 | D:10     | Found a staircase to the Orcish Mines.
 11028 | D:10     | Found a staircase to the Lair.
 11483 | Lair:1   | Entered Level 1 of the Lair of Beasts
 11745 | Lair:1   | Noticed Erica
 11749 | Lair:1   | Killed Erica
 11750 | Lair:1   | Reached XP level 12. HP: 74/84 MP: 0/0
 11803 | Lair:1   | Noticed a skyshark
 11807 | Lair:1   | Killed a skyshark
 12233 | Lair:1   | Reached skill level 11 in Spellcasting
 12365 | Lair:1   | Found a runed translucent gate.
 12366 | Lair:1   | Found a runed translucent gate.
 12366 | Lair:1   | Found a runed translucent gate.
 12369 | Lair:1   | Noticed Rielu's ghost (journeyman AtFi)
 12369 | Lair:1   | Noticed Puas's ghost (journeyman GrBe)
 12369 | Lair:1   | Noticed Cung's ghost (novice GrBe)
 12444 | Lair:2   | Noticed a five-headed hydra
 12461 | Lair:2   | Received a gift from Nemelex Xobeh
 12505 | Lair:2   | Reached skill level 5 in Dodging
 12690 | Lair:2   | Reached **** piety under Nemelex Xobeh
 12743 | Lair:2   | Received a gift from Nemelex Xobeh
 12963 | Lair:2   | Killed a five-headed hydra
 13190 | Lair:2   | Found a staircase to the Snake Pit.
 13487 | Lair:3   | Noticed a four-headed hydra
 13487 | Lair:3   | Received a gift from Nemelex Xobeh
 13489 | Lair:3   | Killed a four-headed hydra
 13723 | Lair:3   | Reached XP level 13. HP: 81/90 MP: 0/0
 13723 | Lair:3   | Learned a level 5 spell: Freezing Cloud
 13825 | Lair:3   | Reached skill level 5 in Armour
 14114 | Lair:3   | Reached skill level 12 in Spellcasting
 14208 | Lair:3   | Found a staircase to the Swamp.
 14381 | Lair:3   | Noticed an eight-headed hydra
 14385 | Lair:3   | Killed an eight-headed hydra
 15119 | Lair:3   | Received a gift from Nemelex Xobeh
 15760 | Lair:4   | Reached ***** piety under Nemelex Xobeh
 15792 | Lair:4   | Received a gift from Nemelex Xobeh
 16172 | Lair:4   | Noticed an eight-headed hydra
 16178 | Lair:4   | Killed an eight-headed hydra
 16475 | Lair:4   | Reached XP level 14. HP: 90/99 MP: 0/0
 16773 | Lair:4   | Received a gift from Nemelex Xobeh
 17206 | Lair:5   | Entered Level 5 of the Lair of Beasts
 17268 | Lair:5   | Found a staircase to the Slime Pits.
 17268 | Lair:5   | Found a viscous altar of Jiyva.
 17307 | Lair:5   | Slain by a seven-headed hydra

Illustrated notes

Levels and vault maps discovered:
D:1:      dpeg_arrival_houses_and_road, layout_basic, serial_bayou_lagoon_a
D:2:      minmay_spotlight, layout_rooms, serial_shops, nicolae_shop_crystal,
          interstate_on_off
D:3:      layout_rooms, nemelex_dance_club_becter, serial_shops, shop,
          minmay_misc_feat_cross, minmay_unequal
D:4:      layout_cave_pools, minmay_temple_entry_wispy, uniq_menkaure
D:5:      layout_rooms, chequers_temple_overflow_minitemple
D:6:      layout_basic, kennysheep_mini, old_standard_altar,
          minmay_misc_feat_rows
D:7:      layout_cave_pools, enter_bailey_6, uniq_prince_ribbit1
D:8:      layout_basic, ebering_ghost_xom, serial_shops, nicolae_lakefront_shop,
          kennysheep_generic_room_16
D:9:      layout_roguey, zin_angel, nicolae_overflow_two_pavilions, uniq_pikel,
          uniq_psyche
D:10:     layout_roguey, tso_metal_star, lair_entry_dummy,
          minmay_orc_entry_temple_large, uniq_erolcha, uniq_maurice
Temple:   nicolae_temple_slightly_damp_pantheon
Lair:1:   layout_cave_shapes, gammafunk_ghost_cemetery,
          infiniplex_staircase_pool_2, uniq_erica, uniq_grum
Lair:2:   layout_chaotic_city, guppyfry_snake_entry_garden
Lair:3:   regret_index_bee_streams, layout_chaotic_city,
          skrybe_swamp_entry_bodies, guppyfry_lair_drakes, serial_bayou_shore_b
Lair:4:   layout_regular_city
Lair:5:   hangedman_lair_in_review, layout_misc_corridors, wormcave,
          slime_entry_1, chequers_serial_rivers_marsh, minmay_lair_oklob_items

Skill      XL: |  1  2  3  4  5  6  7  8  9 10 11 12 13 14 |
---------------+-------------------------------------------+-----
Spellcasting   | 3 4 5 7 8 9 10 11 12 | 12.9
Fighting       | 1 2 3 4 5 6 7 8 |  8.5
Invocations    | 1 2 3 4 5 6 7 8 |  8.2
Shields        | 1 2 3 4 5 6 7 8 |  8.0
Armour         | 1 3 4 6 |  6.2
Dodging        | 4 5 6 7 |  7.0
Stealth        | |  1.5

Action                     |  1- 3 |  4- 6 |  7- 9 | 10-12 | 13-15 || total
---------------------------+-------+-------+-------+-------+-------++-------
  Melee: Staff             |       |       |       |     4 |     2 ||     6
   Cast: Shock             |    75 |   126 |    77 |    35 |       ||   313
         Static Discharge  |       |       |     7 |     1 |     2 ||    10
         Tukima's Dance    |       |       |     5 |     4 |       ||     9
         Airstrike         |       |       |    44 |   106 |    72 ||   222
         Poisonous Vapours |       |       |     8 |   107 |    66 ||   181
         Ignite Poison     |       |       |     5 |    76 |    38 ||   119
         Summon Small Mamm |       |       |       |     3 |       ||     3
         Summon Forest     |       |       |       |     4 |     2 ||     6
         Freezing Cloud    |       |       |       |       |     2 ||     2
 Invoke: Draw Summoning    |       |       |     1 |     1 |       ||     2
         Draw Destruction  |       |       |       |     5 |       ||     5
         Deal Four         |       |       |       |     1 |       ||     1
         Stack Five        |       |       |       |       |     1 ||     1
         Triple Draw       |       |       |       |       |     1 ||     1
    Use: Scroll            |       |     6 |     4 |    14 |     3 ||    27
 Armour: Robe              |     2 |     6 |     2 |     9 |     5 ||    24
  Dodge: Dodged            |     7 |    30 |    28 |    25 |    14 ||   104
  Block: Kite shield       |       |       |     1 |    22 |    12 ||    35

Table legend: (Time is in decaauts)
 A = Elapsed time spent in this place.
 B = Non-inter-level travel time spent in this place.
 C = Inter-level travel time spent in this place.
 D = Time resting spent in this place.
 E = Time spent auto-exploring this place.
 F = Levels seen in this place.
 G = Mean time per level.
                   A        B        C        D        E       F      G
               +--------+--------+--------+--------+--------+-----+--------+
         Total |  17316 |  15991 |   1325 |   3711 |   9554 |  17 | 1018.6 |
       Dungeon |  10305 |   9420 |    885 |   1740 |   6062 |  10 | 1030.5 |
        Temple |    186 |    168 |     18 |      0 |    155 |   1 |  186.0 |
          Lair |   5778 |   5357 |    421 |   1443 |   3209 |   5 | 1155.6 |
        Bailey |   1045 |   1045 |      0 |    528 |    128 |   1 | 1045.0 |
               +--------+--------+--------+--------+--------+-----+--------+

Top non-repeatable levels by time:
  Lair:3: 2218 daAuts
     D:8: 1729 daAuts
     D:6: 1361 daAuts
     D:9: 1325 daAuts
  Lair:4: 1291 daAuts
  Lair:2: 1155 daAuts
    D:10: 1116 daAuts
  Lair:1: 1047 daAuts
  Bailey: 1045 daAuts
     D:7: 921 daAuts
     D:1: 896 daAuts
     D:5: 813 daAuts
     D:3: 743 daAuts
     D:4: 737 daAuts
     D:2: 660 daAuts
